Map: Ephemeron LE

Players

Shadowz

  • Race: Protoss Protoss
  • League: Platinum
  • Spawn Location: 11:00

bartix - Winner!

  • Race: Terran Terran
  • Spawn Location: 5:00

VOD

Have the link to the VOD?

Description

Time

  • Played on: Jan. 10, 2020, 3:42 p.m.
  • Length: 15:36
Show
View Real Time Build Order
Export as new Build Order

Shadowz Protoss 

Build Orders: 1 Gate Expand, Blink Stalkers 

Get SALT Encoding   

  12  0:01  Probe  
  13  0:13  Probe  
  14  0:18  Pylon  
  14  0:25  Probe  
  15  0:37  Gateway  
  15  0:40  Probe (Chrono Boost)  
  16  0:49  Probe (Chrono Boost)  
  17  0:52  Assimilator  
  17  0:54  Probe (Chrono Boost)  
  18  1:06  Probe  
  19  1:18  Probe  
  20  1:26  Nexus  
  20  1:37  Cybernetics Core  
  20  1:42  Cybernetics Core  
  20  1:51  Probe  
  20  1:52  Pylon  
  21  1:55  Assimilator  
  21  2:08  Gateway  
  21  2:17  Stalker (Chrono Boost)  
  23  2:27  Probe (Chrono Boost)  
  24  2:30  Warp Gate  
  25  2:37  Probe (Chrono Boost)  
  25  2:39  Stalker  
  25  2:41  Probe (Chrono Boost)  
  29  2:47  Probe (Chrono Boost)  
  29  2:54  Probe (Chrono Boost)  
  29  2:55  Probe  
  31  3:06  Probe  
  31  3:07  Twilight Council  
  31  3:08  Probe  
  33  3:14  Gateway  
  33  3:18  Probe  
  34  3:20  Probe  
  35  3:30  Gateway, Probe  
  35  3:32  Probe  
  37  3:37  Sentry (Chrono Boost)  
  39  3:42  Probe  
  39  3:44  Blink (Chrono Boost), Probe  
  41  3:54  Probe  
  42  3:56  Probe  
  42  3:58  Pylon  
  43  4:07  Probe  
  43  4:08  Probe  
  45  4:10  Assimilator  
  44  4:20  Probe (Chrono Boost)  
  44  4:22  Probe (Chrono Boost)  
  46  4:29  Stalker x2  
  46  4:31  Stalker  
  53  4:32  Probe (Chrono Boost)  
  53  4:35  Probe (Chrono Boost)  
  54  4:39  Gateway, Pylon  
  54  4:44  Pylon  
  54  4:54  Robotics Facility  
  54  4:57  Probe x2  
  56  5:02  Assimilator  
  56  5:09  Probe x2  
  58  5:20  Stalker  
  60  5:21  Stalker, Probe x2  
  60  5:22  Stalker x2  
  68  5:30  Charge  
  66  5:36  Stalker  
  58  5:47  Shield Battery  
  52  5:57  Stalker x4  
  56  6:05  Probe x2  
  56  6:09  Immortal  
  56  6:11  Stalker  
  64  6:17  Probe x2  
  65  6:38  Probe x2  
  67  6:40  Stalker  
  69  6:58  Nexus  
  69  7:03  Pylon  
  69  7:05  Pylon x2  
  69  7:10  Pylon  
  69  7:13  Forge  
  69  7:14  Forge  
  69  7:16  Robotics Bay  
  69  7:30  Shield Battery, Assimilator  
  69  7:31  Zealot x2  
  69  7:32  Zealot x3  
  69  7:34  Immortal (Chrono Boost), Assimilator  
  83  7:45  Protoss Ground Armor Level 1 (Chrono Boost), Protoss Ground Weapons Level 1 (Chrono Boost)  
  83  7:47  Shield Battery  
  83  7:48  Probe x2  
  83  7:50  Shield Battery  
  85  7:57  Gateway  
  85  8:00  Probe x2  
  85  8:04  Immortal (Chrono Boost)  
  85  8:05  Gateway  
  91  8:13  Sentry x2  
  91  8:14  Sentry x2  
  99  8:26  Pylon  
  99  8:35  Colossus (Chrono Boost)  
  99  8:40  Probe x2  
  107  8:52  Probe  
  108  8:56  Extended Thermal Lance (Chrono Boost)  
  108  9:12  Templar Archives  
  108  9:15  Probe x2  
  108  9:16  Photon Cannon  
  110  9:19  Photon Cannon  
  110  9:20  Zealot  
  110  9:21  Zealot x6  
  124  9:34  Pylon  
  124  9:35  Pylon  
  124  9:36  Pylon  
  124  9:37  Protoss Ground Weapons Level 2 (Chrono Boost)  
  124  9:48  Protoss Ground Armor Level 2 (Chrono Boost)  
  124  9:51  Warp Prism  
  126  9:54  Nexus, Pylon  
  126  9:55  Pylon x2  
  126  9:56  Psionic Storm  
  126  9:57  Pylon  
  126  10:07  High Templar x3  
  126  10:08  High Templar  
  126  10:12  Archon, Assimilator  
  126  10:13  Archon  
  134  10:17  Assimilator  
  134  10:27  Colossus  
  140  10:43  High Templar x3  
  140  10:45  Zealot x4  
  154  11:10  Archon  
  154  11:11  High Templar x2  
  154  11:12  High Templar x2  
  154  11:16  Archon  
  154  11:17  Archon  
  162  11:25  Zealot x3  
  168  11:34  Gateway  
  168  11:36  Gateway  
  168  11:39  Gateway  
  168  11:43  Gateway  
  168  11:45  Gateway  
  168  11:46  Probe x3  
  171  11:48  Protoss Ground Weapons Level 3 (Chrono Boost)  
  171  11:51  Observer (Chrono Boost)  
  172  11:58  Probe x3  
  175  12:01  High Templar  
  175  12:02  High Templar x2  
  175  12:06  Archon  
  175  12:08  Protoss Ground Armor Level 3 (Chrono Boost)  
  181  12:13  Archon  
  181  12:16  Colossus (Chrono Boost)  
  187  12:24  Zealot x2  
  187  12:25  Zealot x2  
  195  12:41  Stargate  
  195  12:43  Stargate  
  195  12:44  Stargate  
  195  12:50  Shield Battery  
  195  12:52  Shield Battery  
  195  12:54  Shield Battery  
  195  12:56  Shield Battery  
  195  13:20  Pylon  
  195  13:21  Pylon  
  195  13:41  Zealot x2  
  125  14:19  Zealot x5  
  125  14:20  Zealot x7  
  71  14:40  High Templar x4  
  71  14:41  High Templar x8  
  71  14:45  Archon x3  
  95  14:46  Archon x3  
  79  15:13  Zealot  
  63  15:14  Zealot  
  63  15:15  Zealot x8  
Show
View Real Time Build Order
Export as new Build Order

bartix Terran - Winner!

Build Orders:  

Get SALT Encoding   

  12  0:01  SCV  
  13  0:13  Supply Depot  
  13  0:18  SCV  
  14  0:26  Refinery  
  14  0:30  SCV  
  16  0:42  SCV  
  16  0:46  Barracks  
  16  0:55  SCV  
  17  0:59  Refinery  
  17  1:07  SCV  
  18  1:20  SCV  
  19  1:32  SCV  
  20  1:34  Supply Depot  
  20  1:45  Reaper  
  21  1:48  Orbital Command  
  21  1:54  Factory  
  21  2:11  Barracks  
  21  2:25  SCV  
  22  2:33  Barracks Reactor  
  22  2:37  Factory Tech Lab  
  22  2:38  SCV  
  22  2:39  Starport  
  23  2:50  SCV  
  24  2:57  Siege Tank  
  26  3:00  Barracks Tech Lab  
  26  3:14  Command Center  
  26  3:22  Starport Reactor  
  26  3:23  Stimpack  
  26  3:32  Marine x2  
  28  3:35  Marine  
  29  3:47  Supply Depot  
  29  3:50  Engineering Bay  
  29  3:55  Marine  
  30  3:56  Marine  
  31  4:08  Medivac  
  33  4:10  SCV  
  33  4:16  Terran Infantry Weapons Level 1  
  34  4:17  Engineering Bay, Marine x2  
  34  4:19  Marine  
  37  4:27  Orbital Command  
  37  4:35  Supply Depot  
  37  4:39  Siege Tank  
  37  4:45  Medivac  
  42  4:53  Marine x3  
  45  5:02  SCV  
  46  5:10  Terran Infantry Armor Level 1  
  46  5:11  Marine  
  48  5:14  SCV  
  48  5:16  Armory  
  48  5:23  Marine  
  48  5:24  Marine  
  48  5:25  Siege Tank  
  48  5:26  SCV  
  50  5:55  Marine x3  
  51  5:57  Siege Tank  
  53  6:12  Marine  
  54  6:25  SCV  
  49  6:30  Refinery, Siege Tank  
  52  6:33  Refinery  
  52  6:37  SCV  
  52  6:39  Terran Vehicle Weapons Level 1  
  53  6:45  Command Center  
  53  6:57  Terran Infantry Weapons Level 2  
  53  6:59  SCV  
  54  7:11  SCV  
  54  7:14  Marauder, Marine x2  
  59  7:23  SCV, Barracks  
  59  7:24  Terran Infantry Armor Level 2  
  60  7:35  Marauder  
  62  7:42  Supply Depot  
  62  7:56  Marine x2  
  62  7:57  Medivac x2, SCV  
  69  8:01  Marauder  
  69  8:04  Planetary Fortress  
  71  8:09  SCV  
  71  8:10  Combat Shield  
  71  8:12  Supply Depot  
  72  8:15  Barracks Reactor  
  72  8:20  Marine x2  
  72  8:21  SCV  
  72  8:22  Marauder  
  77  8:27  Siege Tank  
  77  8:33  SCV  
  81  8:38  Marine x2  
  83  8:41  SCV  
  83  8:43  Marine  
  83  8:44  Terran Vehicle Weapons Level 2  
  83  8:45  SCV  
  86  8:54  SCV  
  87  8:57  SCV  
  88  9:03  Marine x2  
  88  9:04  Marine x2  
  88  9:05  Marine  
  93  9:13  Supply Depot  
  93  9:26  Terran Infantry Weapons Level 3  
  93  9:32  Refinery  
  93  9:34  Medivac x2  
  93  9:35  SCV x2  
  99  9:40  Marine x2  
  101  10:05  Terran Infantry Armor Level 3  
  101  10:11  Barracks  
  101  10:16  Supply Depot, Concussive Shells  
  101  10:37  Medivac x2, Marine x2, SCV x2  
  101  10:38  Supply Depot  
  109  10:45  Supply Depot  
  109  10:59  Marine x3  
  109  11:00  Siege Tank, SCV x2  
  109  11:02  Barracks  
  116  11:07  Supply Depot  
  116  11:09  Barracks Reactor  
  116  11:10  Viking x2  
  120  11:12  SCV  
  120  11:15  SCV  
  120  11:18  Marauder  
  124  11:19  Marine  
  125  11:29  Marine x3, SCV x2  
  125  11:32  Supply Depot  
  130  11:33  Supply Depot  
  130  11:34  Terran Vehicle Weapons Level 3  
  130  11:35  Supply Depot  
  130  11:36  Marine  
  130  11:39  Marauder  
  133  11:52  Supply Depot  
  133  11:53  Viking x2, SCV, Barracks Reactor  
  138  11:55  Thor  
  138  11:59  Marine x3  
  138  12:00  Marine x2  
  138  12:01  Marauder  
  151  12:15  Supply Depot  
  151  12:18  Marine  
  151  12:19  Marine x3  
  151  12:20  Marine x2, Supply Depot  
  151  12:22  Marauder  
  159  12:23  Viking x2  
  163  12:37  Supply Depot, Thor  
  169  12:53  Viking x2, Marauder, Marine x2  
  169  12:54  Marine x4  
  181  12:59  Marine x2, Supply Depot  
  181  13:01  Supply Depot  
  183  13:05  Supply Depot  
  183  13:14  Marauder  
  185  13:22  Supply Depot  
  185  13:27  Viking x2  
  185  13:29  Supply Depot, Command Center  
  145  14:30  Marine x3  
  145  14:31  Marine x5  
  146  14:32  Siege Tank  
  146  14:33  Viking x2  
  146  14:37  Marine  
  157  14:48  Marine  
  158  15:04  Siege Tank  
  154  15:17  Marine x6  
Tags
 
Composition
Blink Stalkers
League
Platinum
Matchup
PvT
Spawn Locations
Cross Positions
Add a new tag
Caveats
  • Supply blocks, unpowered buildings, or Contaminate may cause inaccurate times.
  • Supply counts are checked every 10 seconds.